 Dungeon Crawl Stone Soup version 0.14-a0-932-g154aeca (webtiles) character file.

206 Inkie the Ruffian (level 4, -5/35 HPs)
             Began as a Lava Orc Transmuter on Nov 18, 2013.
             Slain by Crazy Yiuf
             ... wielding a +3,+3 quarterstaff of chaos
              (24 damage)
             ... on Level 3 of the Dungeon.
             The game lasted 00:07:26 (2519 turns).

Inkie the Ruffian (Lava Orc Transmuter)             Turns: 2519, Time: 00:07:30

HP  -5/35        AC  4     Str 12      XL: 4   Next: 91%
MP   4/5         EV 12     Int 14      God:
Gold 75          SH  0     Dex 11      Spells:  1 memorised,  5 levels left

Res.Fire  : + + +   See Invis. : .     - Unarmed
Res.Cold  : x . .   Warding    : .   c - +0 orc robe
Life Prot.: . . .   Conserve   : .   (no shield)
Res.Poison: .       Res.Corr.  : .   (helmet restricted)
Res.Elec. : .       Clarity    : .   (no cloak)
Sust.Abil.: . .     Spirit.Shd : .   (no gloves)
Res.Mut.  : .       Stasis     : .   n - +1 pair of dwarf boots
Res.Rott. : .       Flight     : .   (no amulet)
Saprovore : + . .                    (no ring)
                                     (no ring)

@: appendage, slightly resistant to hostile enchantments, unstealthy
A: horns 2, conserve scrolls, saprovore 1
a: End Transformation


You were on level 3 of the Dungeon.
You were very hungry.
You had grown temporary horns.
You visited 1 branch of the dungeon, and saw 3 of its levels.

You collected 75 gold pieces.

Inventory:

Missiles
 b - 12 arrows
 m - 14 darts (quivered)
Armour
 c - a +0 orcish robe (worn)
 n - a +1 pair of dwarven boots (worn)
Comestibles
 a - a meat ration
 j - 2 bread rations
 k - a choko
 z - a banana
Scrolls
 g - a scroll of remove curse {unknown}
 i - a scroll of amnesia {unknown}
 l - 3 scrolls of identify {unknown}
 o - a scroll of teleportation {unknown}
 q - 2 scrolls of fog {unknown}
 r - a scroll of enchant weapon I {unknown}
 s - a scroll of fear {unknown}
 t - a scroll of curse weapon {unknown}
 y - a scroll of noise {unknown}
Jewellery
 e - an uncursed ring of sustenance {unknown}
Potions
 f - a potion of restore abilities {unknown}
 h - 2 potions of agility {unknown}
 p - a potion of resistance {unknown}
 u - a potion of curing {unknown}
 w - a potion of berserk rage {unknown}
 x - a potion of degeneration {unknown}
Books
 d - a book of Changes

   Spells                             Type                      Level
   *Beastly Appendage                 Transmutation                1
   Sticks to Snakes                   Transmutation                2
   Spider Form                        Transmutation/Poison         3
   Ice Form                           Ice/Transmutation            4
   Blade Hands                        Transmutation                5
Magical staves
 v - a cursed staff of cold {unknown}


   Skills:
 - Level 1.2 Fighting
 - Level 1.5 Dodging
 * Level 6.2 Unarmed Combat
 - Level 1.5 Spellcasting
 - Level 2.6 Transmutations


You had 5 spell levels left.
You knew the following spells:

 Your Spells              Type           Power        Failure   Level  Hunger
a - Beastly Appendage     Trmt           #.....       10%         1    ##.....


Dungeon Overview and Level Annotations

Branches:
Dungeon (3/16)

Altars:

Annotations:
D:3 Crazy Yiuf


Innate Abilities, Weirdness & Mutations

You have stony skin.
Your flesh is almost immune to the effects of heat.
Your fire spells are more powerful.
Your flesh is vulnerable to cold.
Your heat harms attackers.
You bathe your surroundings in blazing heat.
You are too hot to use scrolls.
You are very good at protecting items from fire.
You can tolerate rotten meat.
You have a pair of horns on your head.


Message History

Crazy Yiuf says, "I'm not crazy!"
Your stony skin melts.
Crazy Yiuf says, "Tonal!"
Crazy Yiuf says, "Hah leg senile!"
Crazy Yiuf glowers.
You're getting fired up.
Crazy Yiuf grits, "Proton ladder seventy!"
Casting: Beastly Appendage
Confirm with . or Enter, or press ? or * to list all spells.
You grow a pair of large bovine horns.
You closely miss Crazy Yiuf. You headbutt Crazy Yiuf!
Crazy Yiuf is moderately wounded.
You closely miss Crazy Yiuf.
Crazy Yiuf is moderately wounded.
Crazy Yiuf is burned by your radiant heat.
Crazy Yiuf is heavily wounded.
Crazy Yiuf hits you with a quarterstaff of chaos!
You are electrocuted!
Ouch! That really hurt!
You die...

.........#........# #.#..<..#.##
.........#........# #.#.8.8.#.##
..................# #.##...##.##
....####.#........# #.8##.##8.##
##### #####.###### ##.......###
#.# ##########.. ♣♣♣###.## #.#
#......
#♣♣♣♣♣♣♣##...########.####......
.#♣♣♣♣♣♣.......g@................
.'.♣♣♣♣.......########[####......
.#♣..♣........# #.# #......
#♣♣♣.♣.......# #.# #......
♣♣♣♣♣♣♣♣###### #.# #......
♣♣♣♣♣♣#############.##########
##########......................
#...##..............>...........
#...##....###########.##########


You could see Crazy Yiuf.

Vanquished Creatures
  7 adders
  2 giant mites
  4 giant geckos
  An orc (D:3)
  8 bats
  3 giant cockroaches (D:1)
  4 hobgoblins
  5 kobolds
  A ball python (D:2)
  A giant cockroach zombie (D:1)
  6 giant newts
  5 goblins
  A kobold zombie (D:1)
  8 rats
56 creatures vanquished.

Notes
Turn   | Place    | Note
--------------------------------------------------------------
     0 | D:1      | Inkie, the Lava Orc Transmuter, began the quest for the Orb.
     0 | D:1      | Reached XP level 1. HP: 16/16 MP: 1/1
   139 | D:1      | Reached skill level 4 in Unarmed Combat
   139 | D:1      | Reached XP level 2. HP: 23/23 MP: 2/2
   748 | D:1      | Reached XP level 3. HP: 23/28 MP: 4/4
   980 | D:2      | Reached skill level 5 in Unarmed Combat
  1252 | D:2      | Reached XP level 4. HP: 28/35 MP: 5/5
  2118 | D:3      | Reached skill level 6 in Unarmed Combat
  2501 | D:3      | Noticed Crazy Yiuf
  2519 | D:3      | Slain by Crazy Yiuf

Action                   |  1- 3 |  4- 6 || total
-------------------------+-------+-------++-------
Melee: Unarmed           |   122 |    75 ||   197
 Cast: Beastly Appendage |     1 |     1 ||     2
